AoeStats
← atibet09

Arabia

509189375Analyzed
1v1 RM · 7d ago on Sep 25, 2026· 40m 45s· 2 players
Game mode
Random Map
Map size
Tiny (2 player)
Population
200
Speed
Normal
Resources
Standard
Victory
Conquest
Starting age
Dark Age
Ending age
Imperial Age
RankedLock teamsTeams togetherTeam positionsShared explorationLock speedFull tech treeHidden civsTurbo modeCheats
Victory
Defeat
🇺🇸 Franks · United States
805
+16
🇷🇴 Spanish · Romania
795
-16
atibet09
7:34 Loom
10:20 Feudal Age
11:11 Double-Bit Axe
11:10 Horse Collar
19:28 Castle Age
17:59 Gold Mining
19:39 Stone Mining
21:07 Stone Shaft Mining
24:07 Pikeman
27:23 Wheelbarrow
27:50 Squires
32:24 Murder Holes
32:51 Ballistics
32:25 Fletching
32:35 Padded Archer Armor
32:36 Scale Mail Armor
33:50 Bloodlines
33:41 Husbandry
33:49 Scale Barding Armor
33:56 Forging
39:12 Imperial Age
Huntsky
1:54 Loom
11:38 Feudal Age
12:22 Double-Bit Axe
16:24 Wheelbarrow
20:36 Castle Age
20:03 Scale Barding Armor
24:31 Husbandry
26:12 Chain Barding Armor
28:28 Forging
29:19 Fletching
30:19 Hand Cart
32:54 Town Watch
33:53 Gold Mining
34:51 Iron Casting
34:30 Murder Holes
34:46 Masonry
35:03 Stone Mining
35:39 Scale Mail Armor
38:30 Bow Saw
39:53 Bodkin Arrow
40:14 Chain Mail Armor
40:19 Ordonnance Companies
43:32 Imperial Age
Connection lost

Rejoining the realm…

Still unreachable

The connection could not be restored.

Session expired

The server has moved on; the page needs a fresh start.